 Seeded DCSS version 0.28.0-53-g5a82cb258f (webtiles) character file.

Game seed: 20220717 (custom seed)

24899 Kazon the Prestidigitator (level 12, -11/112 HPs)
             Began as a Deep Dwarf Fighter on Aug 4, 2022.
             Was a High Priest of Makhleb.
             Mangled by a skeletal warrior
             ... wielding a +0 scimitar
             ... led by a death knight
              (25 damage)
             ... on level 13 of the Dungeon.
             The game lasted 00:58:10 (10182 turns).

Kazon the Prestidigitator (Deep Dwarf Fighter)     Turns: 10182, Time: 00:58:12

Health: -11/112    AC: 16    Str: 25    XL:     12   Next: 84%
Magic:  15/15      EV: 19    Int: 10    God:    Makhleb [*****.]
Gold:   590        SH: 12    Dex: 13    Spells: 11/11 levels left

rFire   . . .      SeeInvis .   q - +7 whip of Dishonour {vamp, Will+ rCorr Str+3 Dex-5}
rCold   + . .      Faith    .   c - +1 buckler of Intercession {Rampage rC+ Will+ Int+2}
rNeg    + + +      Spirit   .   A - +0 pearl dragon scales
rPois   .          Reflect  +   E - +0 helmet
rElec   .          Harm     .   y - +0 cloak
rCorr   +          Rampage  +   (no gloves)
Will    ++++.                   (no boots)
Stlth   +.........              s - amulet of reflection
HPRegen 0.00/turn               m - ring of Atzimugi {rN++ Will+ EV+4 Int-2 Dex+4}
MPRegen 0.14/turn               j - +4 ring of evasion

@: slowed, very slow
A: damage resistance, heal wounds, sense surroundings 2, no regeneration
a: Heal Wounds, Renounce Religion, Minor Destruction, Lesser Servant of Makhleb,
Major Destruction, Greater Servant of Makhleb


You were on level 13 of the Dungeon.
You worshipped Makhleb.
Makhleb was extremely pleased with you.
You visited 2 branches of the dungeon, and saw 14 of its levels.

You collected 814 gold pieces.
You spent 224 gold pieces at shops.

Inventory:

Hand Weapons
 e - the +7 short sword of Punishment {venom, +Blink Fly rPois rC-}
   (You found it on level 4 of the Dungeon)

   It poisons the flesh of those it strikes.
   rC:        It makes you vulnerable to cold.
   rPois:     It protects you from poison.
   Fly:       It grants you flight.
   +Blink:    It lets you blink.
 q - the +7 whip of Dishonour (weapon) {vamp, Will+ rCorr Str+3 Dex-5}
   (You found it on level 3 of the Dungeon)

   It occasionally heals its wielder for a portion of the damage dealt when it
   wounds a living foe.
   Str:       It affects your strength (+3).
   Dex:       It affects your dexterity (-5).
   rCorr:     It protects you from acid and corrosion.
   Will:      It increases your willpower.
Missiles
 n - 7 javelins (quivered)
 p - 20 poisoned darts
 u - 7 boomerangs
 K - 7 curare-tipped darts
 O - 5 throwing nets
Armour
 c - the +1 buckler of Intercession (worn) {Rampage rC+ Will+ Int+2}
   (You found it on level 13 of the Dungeon)

   Int:       It affects your intelligence (+2).
   rC:        It protects you from cold.
   Rampage:   It bestows one free step when moving towards enemies.
   Will:      It increases your willpower.
 y - a +0 cloak (worn)
 A - +0 pearl dragon scales (worn)
 E - a +0 helmet (worn)
Jewellery
 j - a +4 ring of evasion (right hand)
 m - the ring of Atzimugi (left hand) {rN++ Will+ EV+4 Int-2 Dex+4}
   (You found it on level 4 of the Dungeon)

   [ring of evasion]

   EV:        It affects your evasion (+4).
   Int:       It affects your intelligence (-2).
   Dex:       It affects your dexterity (+4).
   rN:        It greatly protects you from negative energy.
   Will:      It increases your willpower.
 o - a ring of protection from cold
 s - an amulet of reflection (around neck)
 T - a ring of fire
Wands
 v - a wand of flame (69)
 x - a wand of polymorph (5)
 G - a wand of paralysis (11)
 V - a wand of acid (8)
Scrolls
 b - a scroll of fear {unknown}
 f - 7 scrolls of teleportation {unknown}
 h - a scroll of amnesia {unknown}
 i - a scroll of identify
 k - a scroll of summoning {unknown}
 r - 4 scrolls of enchant weapon {unknown}
 C - a scroll of acquirement {unknown}
 D - 3 scrolls of enchant armour {unknown}
 H - a scroll of holy word {unknown}
 I - a scroll of noise {unknown}
 J - 3 scrolls of fog
 L - 2 scrolls of vulnerability {unknown}
 M - 2 scrolls of magic mapping {unknown}
 N - 2 scrolls of immolation {unknown}
 U - a scroll of blinking {unknown}
Potions
 a - a potion of mutation
 d - 2 potions of might
 g - 7 potions of heal wounds
 l - 7 potions of curing
 t - a potion of lignification
 z - a potion of resistance
 B - 3 potions of ambrosia {unknown}
 F - 2 potions of cancellation
 P - 2 potions of berserk rage
 S - 2 potions of haste
Miscellaneous
 Q - a lightning rod (4/4)
 R - a tin of tremorstones (2/2)


   Skills:
 * Level 8.6 Fighting
 + Level 4.1 Short Blades
 + Level 9.6 Maces & Flails
 + Level 5.1 Throwing
 + Level 7.7 Armour
 + Level 5.4 Dodging
 + Level 5.8 Stealth
 + Level 9.0 Shields
 * Level 9.0 Invocations
 * Level 11.2 Evocations


You had 11 spell levels left.
You didn't know any spells.
Your spell library contained the following spells:

 Spells                   Type           Power      Damage    Failure   Level
 Animate Skeleton         Necr           0%         N/A       75%         1
 Beastly Appendage        Tmut           0%         N/A       75%         1
 Magic Dart               Conj           0%         1d3       75%         1
 Shock                    Conj/Air       0%         1d3       75%         1
 Call Imp                 Summ           0%         N/A       87%         2
 Corpse Rot               Necr/Air       0%         N/A       87%         2
 Poisonous Vapours        Pois/Air       0%         N/A       87%         2
 Wereblood                Tmut           0%         N/A       87%         2
 Mephitic Cloud           Conj/Pois/Air  0%         N/A       98%         3
 Spider Form              Tmut/Pois      0%         N/A       98%         3
 Swiftness                Air            0%         N/A       98%         3
 Airstrike                Air            0%         N/A       100%        4


Dungeon Overview and Level Annotations

Branches:
Dungeon (13/15)            Temple (1/1) D:7            Lair (0/6) D:9
    Orc (0/2) D:10
 Vaults: D:13-14

Altars:
Ashenzari
Cheibriados
Dithmenos
Elyvilon
Fedhas
Gozag
Hepliaklqana
Kikubaaqudgha
Makhleb
Nemelex Xobeh
Okawaru
Qazlal
Ru
Sif Muna
Trog
Uskayaw
Vehumet
Wu Jian
Xom
Yredelemnul
Zin
The Shining One

Shops:
D:8 *

Annotations:
D:4 2 transporters


Innate Abilities, Weirdness & Mutations

You are resistant to damage.
You can heal yourself by infusing magical energy.
You passively map the area around you.
You do not regenerate.


Message History

Your hellwing hits the +4 long sword but does no damage.
Your hellwing closely misses the +4 long sword.
You feel much better. The +4 long sword misses you.
The wraith completely misses you. The +4 long sword misses you.
The skeletal warrior barely misses you.
Your hellwing misses the +4 long sword. x2
You hit the wraith but do no damage.
The wraith is severely damaged.
The +4 long sword hits you. The wraith misses you.
You hit the wraith.
The wraith is almost destroyed.
The skeletal warrior hits you with a +0 scimitar!
* * * LOW HITPOINT WARNING * * *
The +4 long sword hits you but does no damage.
Your hellwing hits the +4 long sword.
Your hellwing hits the +4 long sword but does no damage.
You hit the wraith.
The wraith is almost destroyed.
The wraith barely misses you. The +4 long sword hits you!
* * * LOW HITPOINT WARNING * * *
You hit the wraith but do no damage.
The wraith is almost destroyed.
You block the skeletal warrior's attack.
Your hellwing hits the +4 long sword. Your hellwing misses the +4 long sword.
The +4 long sword hits your hellwing!
You hit the +4 long sword.
The +4 long sword is severely damaged.
The wraith hits you.
* * * LOW HITPOINT WARNING * * *
The wraith drains your vigour!
You feel yourself slow down. The +4 long sword misses you.
The skeletal warrior hits you with a +0 scimitar!!
* * * LOW HITPOINT WARNING * * *
Your hellwing closely misses the +4 long sword. x2
You feel much better.
Your hellwing disappears in a puff of smoke!
You block the +4 long sword's attack. You block the wraith's attack.
The +4 long sword hits you!
* * * LOW HITPOINT WARNING * * *
The skeletal warrior hits you with a +0 scimitar!!
You die...

#.......#..........#......
#.......#..........#......
#.......#..........#......
#.......#..........#######
#.......#...####+## * *
#.......#...#* , ,
#.......#...#*
#.......#...# ,
#.....#.#@z§# ,, * **
#.......#W(.#*,
#.......#...# , ,
#.†.....#...# ,, ,,
#..####.#...# *** , , ,*,
#..####.#...#####)..
#.......#...(...pz.. ,
#.......#...........
#.......#...........


You could see a skeletal warrior, a wraith and a +4 long sword.

Vanquished Creatures
  Erolcha (D:11)
  Harold (D:10)
  A boulder beetle (D:12)
  2 hydras (D:12)
  A death knight (D:13)
  3 death yaks (D:9)
  4 two-headed ogres
  A centaur warrior (D:13)
  Sonja (D:11)
  2 skeletal warriors (D:13)
  A deep elf pyromancer (D:12)
  2 slime creatures (D:12)
  An ugly thing (D:12)
  A manticore (D:12)
  A gargoyle (D:11)
  Joseph (D:8)
  Psyche (D:9)
  A komodo dragon (D:11)
  An unseen horror (D:11)
  A troll (D:10)
  2 hornets (D:11)
  Grinder (D:4)
  A raiju (D:4)
  2 shadows
  16 yaks
  2 wyverns
  Grum (D:8)
  A hog (D:10)
  2 steam dragons
  Eustachio (D:5)
  A human (D:10)
  8 vampire mosquitoes
  Menkaure (D:6)
  An acid dragon (D:10)
  A water moccasin (D:6)
  2 ice beasts
  3 orc warriors
  A sky beast (D:6)
  4 wolves (D:8)
  6 centaurs
  An ogre (D:4)
  3 phantoms
  5 kobold brigands
  2 bullfrogs (D:9)
  2 gnoll sergeants (D:8)
  6 scorpions
  A water moccasin zombie (D:5)
  A wyvern skeleton (D:6)
  2 troll zombies (D:10)
  2 water moccasin skeletons (D:7)
  10 killer bees
  3 wights (D:9)
  3 howler monkeys
  2 centaur zombies
  6 hounds
  2 jellies
  2 bullfrog skeletons (D:6)
  2 gnoll shamans
  3 orc priests
  Crazy Yiuf (D:4)
  2 iguanas
  7 orc wizards
  A scorpion zombie (D:5)
  Terence (D:2)
  A killer bee zombie (D:7)
  6 ogre zombies (D:10)
  A hound skeleton (D:5)
  A howler monkey zombie (D:7)
  9 gnolls
  5 adders
  3 river rats (D:9)
  A shadow imp (D:5)
  A white imp (D:6)
  An ufetubus (D:6)
  An adder skeleton (D:4)
  3 worms
  5 dart slugs
  22 orcs
  7 ball pythons
  6 bats
  6 endoplasms
  4 giant cockroaches
  4 goblins
  4 hobgoblins
  3 jackals (D:1)
  22 kobolds
  6 quokkas
  2 frilled lizards
  2 goblin skeletons (D:10)
  4 goblin zombies (D:10)
  2 hobgoblin skeletons (D:10)
  2 hobgoblin zombies (D:10)
  15 orc zombies (D:10)
  9 rats
313 creatures vanquished.

Vanquished Creatures (collateral kills)
  A hydra (D:11)
1 creature vanquished.

Vanquished Creatures (others)
  A kobold brigand (D:9)
  A bush (D:5)
  11 plants
13 creatures vanquished.

Grand Total: 327 creatures vanquished

Notes
Turn   | Place    | Note
-------+----------+-------------------------------------------
     0 | D:1      | Kazon the Deep Dwarf Fighter began the quest for the Orb.
     0 | D:1      | Reached XP level 1. HP: 20/20 MP: 1/1
   119 | D:1      | Reached XP level 2. HP: 12/27 MP: 2/2
   382 | D:1      | Reached XP level 3. HP: 31/34 MP: 3/3
   949 | D:2      | Noticed Terence
   960 | D:2      | Killed Terence
   961 | D:2      | Reached XP level 4. HP: 23/42 MP: 4/4
   974 | D:2      | Found a faded altar of an unknown god.
  1040 | D:2      | Reached skill level 1 in Evocations
  1371 | D:3      | Found a basalt altar of Yredelemnul.
  1645 | D:3      | Identified the +7 whip of Dishonour {vamp, Will+ rCorr
                  | Str+3 Dex-5}
  1704 | D:4      | Reached skill level 1 in Throwing
  1704 | D:4      | Reached XP level 5. HP: 43/49 MP: 4/4
  1711 | D:4      | Identified the +7 short sword of Punishment {venom, +Blink
                  | Fly rPois rC-}
  1793 | D:4      | Noticed a +0 hand axe
  1794 | D:4      | Noticed a +0 hand axe
  1795 | D:4      | Found a hide-covered altar of Uskayaw.
  1851 | D:4      | Identified the ring of Atzimugi {rN++ Will+ EV+4 Int-2
                  | Dex+4}
  1903 | D:4      | Found a transporter.
  1904 | D:4      | Noticed a fire bat
  1904 | D:4      | Noticed a fire bat
  1949 | D:4      | Noticed Grinder
  1975 | D:4      | Killed Grinder
  1976 | D:4      | Reached skill level 1 in Dodging
  1976 | D:4      | Reached skill level 2 in Evocations
  1976 | D:4      | Reached XP level 6. HP: 57/57 MP: 5/5
  2022 | D:4      | Reached skill level 3 in Evocations
  2087 | D:4      | Found a runed translucent door.
  2088 | D:4      | Noticed Crazy Yiuf
  2099 | D:4      | Killed Crazy Yiuf
  2100 | D:4      | Reached XP level 7. HP: 57/63 MP: 6/6
  2141 | D:4      | Noticed Edmund
  2142 | D:4      | Noticed Edmund
  2142 | D:4      | Edmund changed into Edmund the naga
  2143 | D:4      | Noticed Edmund
  2143 | D:4      | Edmund the naga changed into Edmund the raiju
  2155 | D:4      | Killed Edmund the raiju
  2196 | D:4      | Found a transporter.
  2231 | D:5      | Entered Level 5 of the Dungeon
  2278 | D:5      | Noticed Eustachio
  2289 | D:5      | Killed Eustachio
  2290 | D:5      | Reached skill level 5 in Maces & Flails
  2290 | D:5      | Reached skill level 4 in Evocations
  2396 | D:5      | Noticed a steam dragon
  2412 | D:5      | Reached XP level 8. HP: 73/73 MP: 6/6
  2419 | D:5      | Reached skill level 1 in Stealth
  2677 | D:5      | Reached skill level 5 in Fighting
  2997 | D:6      | Noticed Menkaure
  2999 | D:6      | Killed Menkaure
  3000 | D:6      | Reached skill level 5 in Evocations
  3093 | D:6      | Reached skill level 5 in Armour
  3170 | D:6      | Gained mutation: You passively map the area around you.
                  | [Deep Dwarf growth]
  3170 | D:6      | Reached XP level 9. HP: 78/81 MP: 7/7
  3453 | D:6      | Found a shadowy altar of Dithmenos.
  3571 | D:6      | Reached skill level 6 in Evocations
  3695 | D:6      | Found a blossoming altar of Fedhas.
  3923 | D:7      | Found a staircase to the Ecumenical Temple.
  3990 | D:7      | Reached skill level 1 in Short Blades
  4073 | Temple   | Entered the Ecumenical Temple
  4099 | Temple   | Became a worshipper of Makhleb the Destroyer
  4568 | D:7      | Reached * piety under Makhleb
  4773 | D:7      | Reached skill level 7 in Evocations
  4774 | D:7      | Reached skill level 1 in Invocations
  4943 | D:8      | Reached XP level 10. HP: 91/91 MP: 9/9
  4970 | D:8      | Reached skill level 5 in Shields
  5253 | D:8      | Noticed Grum
  5271 | D:8      | Killed Grum
  5274 | D:8      | Reached ** piety under Makhleb
  5473 | D:8      | Reached skill level 8 in Evocations
  5563 | D:8      | Noticed Joseph
  5585 | D:8      | Killed Joseph
  5607 | D:8      | Found a hazy altar of Hepliaklqana.
  5607 | D:8      | Found a faded altar of an unknown god.
  5641 | D:8      | Found Plog's General Store.
  5653 | D:8      | Bought a scroll of identify for 28 gold pieces
  5653 | D:8      | Bought a potion of heal wounds for 70 gold pieces
  5653 | D:8      | Bought a wand of flame (16) for 126 gold pieces
  5931 | D:9      | Found an ornate altar of the Wu Jian Council.
  6130 | D:9      | Noticed a two-headed ogre
  6145 | D:9      | Killed a two-headed ogre
  6167 | D:9      | Found a staircase to the Lair.
  6218 | D:9      | Noticed a death yak
  6218 | D:9      | Noticed a death yak
  6233 | D:9      | Noticed a death yak
  6262 | D:9      | Killed a death yak
  6263 | D:9      | Reached skill level 5 in Invocations
  6286 | D:9      | Killed a death yak
  6287 | D:9      | Reached XP level 11. HP: 100/100 MP: 12/12
  6320 | D:9      | Killed a death yak
  6411 | D:9      | Noticed Psyche
  6427 | D:9      | Killed Psyche
  6453 | D:9      | Found a bloodstained altar of Trog.
  6518 | D:9      | Found an ancient bone altar of Kikubaaqudgha.
  6522 | D:9      | Found a shimmering blue altar of Sif Muna.
  6523 | D:9      | Found a radiant altar of Vehumet.
  6526 | D:9      | Got Kikubaaqudgha's Guide on Evil
  6816 | D:10     | Entered Level 10 of the Dungeon
  6827 | D:10     | Reached *** piety under Makhleb
  6836 | D:10     | Found an opulent altar of Gozag.
  7076 | D:10     | Reached skill level 9 in Evocations
  7137 | D:10     | Found a staircase to the Orcish Mines.
  7256 | D:10     | Reached **** piety under Makhleb
  7492 | D:10     | Found a shimmering altar of Xom.
  7495 | D:10     | Noticed a two-headed ogre
  7513 | D:10     | Killed a two-headed ogre
  7538 | D:10     | Noticed Harold
  7560 | D:10     | Killed Harold
  8017 | D:11     | Noticed Erolcha
  8034 | D:11     | Killed Erolcha
  8035 | D:11     | Reached skill level 5 in Dodging
  8250 | D:11     | Noticed Sonja
  8273 | D:11     | Killed Sonja
  8274 | D:11     | Reached skill level 10 in Evocations
  8274 | D:11     | Reached XP level 12. HP: 78/110 MP: 15/15
  8390 | D:11     | Noticed an eight-headed hydra
  8406 | D:11     | Killed an eight-headed hydra
  8506 | D:12     | Noticed a two-headed ogre
  8523 | D:12     | Killed a two-headed ogre
  8575 | D:12     | Noticed a boulder beetle
  8613 | D:12     | Killed a boulder beetle
  8620 | D:12     | Noticed a six-headed hydra
  8631 | D:12     | Killed a six-headed hydra
  8643 | D:12     | Noticed a two-headed ogre
  8656 | D:12     | Killed a two-headed ogre
  8755 | D:12     | Reached ***** piety under Makhleb
  8871 | D:12     | Reached skill level 5 in Throwing
  8871 | D:12     | Reached skill level 5 in Stealth
  8964 | D:12     | Noticed a seven-headed hydra
  8978 | D:12     | Killed a seven-headed hydra
  9574 | D:13     | Noticed a centaur warrior
  9590 | D:13     | Killed a centaur warrior
  9727 | D:13     | Reached skill level 11 in Evocations
 10088 | D:13     | Identified the +1 buckler of Intercession {Rampage rC+
                  | Will+ Int+2}
 10136 | D:13     | Noticed a death knight
 10166 | D:13     | Killed a death knight
 10182 | D:13     | Mangled by a skeletal warrior

Illustrated notes

Levels and vault maps discovered:
D:1:      minmay_arrival_loop, layout_basic, minmay_octomino_e4
D:2:      layout_rooms, shapermc_ecumenical_altar_acropolis, uniq_terence
D:3:      layout_basic, mainiacjoe_overflow_alcove_4
D:4:      gammafunk_cloud_chamber, layout_rooms, dancing_weapons_uskayaw,
          uniq_crazy_yiuf_cottage, uniq_edmund, uniq_grinder
D:5:      layout_loops_ring, kb_lookout_dungeons_type, minmay_splitting_lines,
          chequers_serial_rivers_micro_c, uniq_eustachio
D:6:      layout_loops_ring, mainiacjoe_overflow_tiny_flanked, fedhas_altar_4,
          grunt_ministairs_9, uniq_menkaure
D:7:      layout_cave_pods, minmay_temple_entry_gardened_gates
D:8:      layout_loops_ring, beargit_hepliaklqana_dungeon_heroes, serial_shops,
          shop_statue, amcnicky_mini_corridor_feature, corexii_checkpoint_a,
          grunt_tough_drop, uniq_joseph, uniq_grum
D:9:      layout_roguey, grunt_temple_overflow_magic_moments,
          mainiacjoe_overflow_cross_hatched, mainiacjoe_overflow_chevrons,
          dpeg_lair_monsters, uniq_psyche
D:10:     layout_stronghold, nicolae_gozag_seed_capital,
          nicolae_overflow_hidden_temple, zombieorc2_lemuel, grunt_livestock,
          feat_on_display, uniq_harold
D:11:     layout_loops_ring, uniq_erolcha, uniq_sonja
D:12:     layout_loops_corners
D:13:     layout_stronghold, erik_vaults_1
Temple:   chequers_temple_sunken

Skill      XL: |  1  2  3  4  5  6  7  8  9 10 11 12 |
---------------+-------------------------------------+-----
Fighting       | 3 4 5 6 7 8 |  8.6
Evocations     | 1 2 3 4 5 7 8 10 11 | 11.2
Maces & Flails | 3 4 5 6 7 8 9 |  9.6
Throwing       | 1 2 3 4 5 |  5.1
Armour         | 4 5 6 7 |  7.7
Dodging        | 1 2 3 4 5 |  5.4
Shields        | 4 6 7 9 |  9.0
Stealth        | 3 4 5 |  5.8
Short Blades   | 2 3 4 |  4.1
Invocations    | 2 5 7 9 |  9.0

Action                   |  1- 3 |  4- 6 |  7- 9 | 10-12 || total
-------------------------+-------+-------+-------+-------++-------
Melee: Flail             |    44 |       |       |       ||    44
       Whip              |    61 |   108 |   246 |   788 ||  1203
       Short sword       |       |       |   146 |   113 ||   259
Throw: Stone             |    50 |    38 |    48 |    45 ||   181
       Dart              |       |     3 |    16 |    39 ||    58
       Boomerang         |       |       |     3 |     3 ||     6
       Javelin           |       |       |       |     2 ||     2
Invok: Minor Destruction |       |       |       |     7 ||     7
       Lesser Servant of |       |       |       |     2 ||     2
 Abil: Heal Wounds       |     1 |     2 |     1 |     8 ||    12
Evoke: Wand              |       |       |     4 |    12 ||    16
       Tin of tremorston |       |       |       |     2 ||     2
  Use: Scroll            |       |       |       |     9 ||     9
       Potion            |       |       |       |     2 ||     2
 Stab: Paralysed         |       |       |       |    14 ||    14
       Distracted        |       |       |       |     1 ||     1
Armor: Scale mail        |    67 |    31 |     3 |       ||   101
       Pearl dragon scal |       |       |    95 |   147 ||   242
Dodge: Dodged            |    49 |    34 |   241 |   410 ||   734
Block: Buckler           |    26 |    12 |    80 |    41 ||   159
       Kite shield       |       |       |       |   403 ||   403
       Reflection        |       |       |       |    10 ||    10
